 Dungeon Crawl Stone Soup version 0.26-a0-1177-g1209ec82b9 (webtiles) character file.

Game seed: 15066694859448926971

11689 Copingsaw the Cleaver (level 11, -2/84 HPs)
             Began as a Demonspawn Fighter on Dec 24, 2020.
             Was a Priest of Yredelemnul.
             Killed from afar by a wretched star (16 damage)
             ... with a lance of force
             ... on level 2 of the Abyss.
             The game lasted 00:38:14 (10615 turns).

Copingsaw the Cleaver (Demonspawn Fighter)         Turns: 10615, Time: 00:38:15

Health: -2/84      AC: 17    Str: 21    XL:     11   Next: 52%
Magic:  0/15       EV: 13    Int:  9    God:    Yredelemnul [***...]
Gold:   279        SH: 10    Dex: 12    Spells: 10/10 levels left

rFire    + . .     SeeInvis +   a - +7 sceptre of Torment {pain, torment}
rCold    . . .     Faith    .   c - +0 kite shield
rNeg     + . .     Spirit   +   I - +5 ring mail of Tenacity {rN+}
rPois    .         Reflect  .   p - +0 helmet
rElec    .         Harm     .   A - +0 cloak (curse)
rCorr    .         Rampage  .   B - +0 pair of gloves
Will     .....                  E - +1 pair of boots (curse)
Stlth    +++.......             (no amulet)
HPRegen  0.24/turn              M - ring "Tammoc" {rF+ SInv}
MPRegen  0.14/turn              F - +4 ring of evasion (curse)

@: no status effects
A: talons 2, thin metallic scales 2, [deformed body], powered by death 2, magic
shield
a: Renounce Religion, Recall Undead Slaves, Injury Mirror, Animate Dead


You were on level 2 of the Abyss.
You worshipped Yredelemnul.
Yredelemnul was most pleased with you.
You visited 2 branches of the dungeon, and saw 11 of its levels.
You visited the Abyss 1 time.
You also visited: Ossuary.

You collected 799 gold pieces.
You spent 520 gold pieces at shops.

Inventory:

Hand Weapons
 a - the +7 sceptre of Torment (weapon) {pain, torment}
   (You found it on level 8 of the Dungeon)

   In the hands of one skilled in necromantic magic, it inflicts extra damage on
   living creatures.
 d - a +3 vampiric hand axe
 h - a +0 hunting sling
 s - a +1 battleaxe
 w - a +3 dagger of venom
 G - a +2 flail of draining
 N - a +4 rapier
 P - a +1 broad axe of freezing
 R - a +2 glaive of flaming
Missiles
 b - a boomerang of dispersal (quivered)
 f - 14 javelins
 v - 2 curare-tipped darts
 x - 143 sling bullets
Armour
 c - a +0 kite shield (worn)
 p - a +0 helmet (worn)
 A - a cursed +0 cloak (worn)
 B - a +0 pair of gloves (worn)
 E - a cursed +1 pair of boots (worn)
 I - the +5 ring mail of Tenacity (worn) {rN+}
   (You found it on level 6 of the Dungeon)

   It protects you from negative energy.
Jewellery
 o - an uncursed ring of fire
 F - a cursed +4 ring of evasion (right hand)
 M - the ring "Tammoc" (left hand) {rF+ SInv}
   (You found it on level 8 of the Dungeon)

   [ring of protection from fire]

   It protects you from fire.
   It lets you see invisible.
 O - a +6 ring of intelligence {unknown}
Wands
 t - a wand of iceblast (21)
 D - a wand of digging (12)
 Q - a wand of flame (16)
 U - a wand of acid (10)
Scrolls
 g - 9 scrolls of remove curse
 k - 10 scrolls of teleportation
 l - 7 scrolls of identify
 q - 4 scrolls of blinking
 u - 2 scrolls of enchant armour
 y - a scroll of magic mapping
 H - a scroll of fog
 J - 2 scrolls of amnesia
 K - a scroll of fear
Potions
 e - 2 potions of berserk rage
 i - 2 potions of lignification
 j - a potion of invisibility
 m - 3 potions of heal wounds
 n - 3 potions of attraction
 r - 2 potions of mutation
 z - a potion of cancellation
 C - a potion of curing
 L - a potion of degeneration {unknown}
 T - a potion of brilliance
Miscellaneous
 S - a condenser vane


   Skills:
 - Level 7.3 Fighting
 + Level 4.9 Short Blades
 - Level 8.1(8.8) Axes
 * Level 5.4(7.5) Maces & Flails
 - Level 2.6 Throwing
 - Level 5.3 Armour
 - Level 0.6 Dodging
 + Level 6.6 Stealth
 + Level 6.5 Shields
 + Level 5.4 Unarmed Combat
 * Level 5.3 Invocations
 * Level 3.9 Evocations


You had 10 spell levels left.
You didn't know any spells.
Your spell library contained the following spells:

 Spells                   Type           Power        Failure   Level
 Magic Dart               Conj           0%           88%         1
 Shock                    Conj/Air       0%           88%         1
 Sting                    Tmut/Pois      0%           88%         1
 Blink                    Tloc           N/A          96%         2
 Call Imp                 Summ           0%           96%         2
 Poisonous Vapours        Pois/Air       0%           96%         2
 Searing Ray              Conj           0%           96%         2
 Slow                     Hex            0%           96%         2
 Swiftness                Air            0%           96%         2
 Conjure Flame            Conj/Fire      0%           99%         3
 Dazzling Flash           Conj/Hex       0%           99%         3
 Ignite Poison            Fire/Tmut/Pois 0%           99%         3
 Mephitic Cloud           Conj/Pois/Air  0%           99%         3
 Static Discharge         Conj/Air       0%           99%         3
 Airstrike                Air            0%           100%        4
 Fulminant Prism          Conj/Hex       0%           100%        4
 Iskenderun's Mystic Bla  Conj/Tloc      0%           100%        4
 Olgreb's Toxic Radiance  Pois           0%           100%        4
 Summon Lightning Spire   Summ/Air       0%           100%        4
 Lightning Bolt           Conj/Air       0%           100%        5
 Silence                  Hex/Air        0%           100%        5
 Conjure Ball Lightning   Conj/Air       0%           100%        6
 Tornado                  Air            0%           100%        9


Dungeon Overview and Level Annotations

Branches:
Dungeon (10/15)            Temple (1/1) D:6             Orc (0/2) D:9
Ossuary (visited)
   Lair: D:8-11

Altars:
Ashenzari
Cheibriados
Dithmenos
Elyvilon
Fedhas
Gozag
Hepliaklqana
Kikubaaqudgha
Makhleb
Nemelex Xobeh
Okawaru
Qazlal
Ru
Sif Muna
Trog
Uskayaw
Vehumet
Wu Jian
Xom
Yredelemnul
Zin
The Shining One
Beogh

Shops:
D:10 }

Annotations:
D:10 Sonja


Innate Abilities, Weirdness & Mutations

You have razor-sharp toenails.
You are mostly covered in thin metallic scales. (AC +3)
You regenerate health from kills.
When hurt, damage is shared between your health and your magic reserves.
[Armour fits poorly on your strangely shaped body.]


Message History

* * * LOW HITPOINT WARNING * * *
You are knocked back by the lance of force.
You slam into the rock wall!
The wretched star glows turbulently.
The lance of force hits you!
* * * LOW HITPOINT WARNING * * *
You are knocked back by the lance of force.
You slam into the rock wall!
You feel much better.
The wretched star glows turbulently.
The lance of force hits you!
* * * LOW HITPOINT WARNING * * *
You are knocked back by the lance of force.
You slam into the rock wall!
You bludgeon the wretched star!!
The wretched star is moderately damaged.
The wretched star glows turbulently.
The lance of force hits you!
You die...
Your body rises from the dead as a mindless zombie.

### .. ###
#
#.##.##.##.
#.@*≈..≈.'#
#.##.##.##.
### .# ≈. .
# *# ≈. .#


You could see a wretched star.

Vanquished Creatures
  Harold (D:9)
  A centaur warrior (D:8)
  A thrashing horror (Abyss:2)
  A large abomination (Abyss:2)
  A sixfirhy (Abyss:2)
  An ugly thing (D:8)
  2 cyclopes (D:8)
  Maurice (D:8)
  A centaur zombie (D:10)
  Joseph (D:8)
  A tormentor (Abyss:2)
  A silent spectre (Abyss:2)
  2 trolls (D:8)
  A small abomination (Abyss:2)
  4 orc warriors
  An ice beast (D:5)
  3 sky beasts
  2 phantoms
  2 necrophages
  6 ogres
  A wolf (D:5)
  4 centaurs
  3 gnoll sergeants (D:5)
  2 bullfrogs
  A wyvern skeleton (D:9)
  4 scorpions
  4 wights (D:8)
  A howler monkey (D:6)
  A quasit (D:10)
  2 bullfrog zombies
  4 jellies
  2 bullfrog skeletons
  8 hounds
  3 centaur skeletons
  4 orc priests
  3 gnoll shamans (D:5)
  3 iguanas
  11 orc wizards
  A worker ant (D:9)
  2 big kobold zombies (Ossuary)
  2 hound zombies
  A hound skeleton (D:4)
  2 mummies
  2 worker ant zombies
  Robin (D:2)
  11 adders
  22 gnolls
  2 shadow imps
  6 white imps
  2 ufetubi
  5 adder skeletons
  3 worms
  8 dart slugs
  16 leopard geckos
  49 orcs
  7 bats
  5 giant cockroaches
  21 goblins
  11 hobgoblins
  2 jackals (D:5)
  4 kobolds
  4 quokkas
  3 ball pythons
  A ball python skeleton (D:2)
  5 bat simulacra (Ossuary)
  9 frilled lizards
  10 gnoll zombies (Ossuary)
  2 goblin simulacra (Ossuary)
  7 goblin zombies
  5 hobgoblin zombies (Ossuary)
  4 kobold simulacra (Ossuary)
  3 kobold zombies
  5 orc zombies (Ossuary)
  7 rats
  2 rat simulacra (Ossuary)
  3 spectral goblins (Ossuary)
  3 spectral kobolds (Ossuary)
  3 spectral rats (Ossuary)
356 creatures vanquished.

Vanquished Creatures (others)
  5 orc zombies (D:10)
5 creatures vanquished.

Grand Total: 361 creatures vanquished

Notes
Turn   | Place    | Note
-------+----------+-------------------------------------------
     0 | D:1      | Copingsaw the Demonspawn Fighter began the quest for the
                  | Orb.
     0 | D:1      | Reached XP level 1. HP: 18/18 MP: 1/1
   156 | D:1      | Gained mutation: You have sharp toenails. [demonic
                  | ancestry]
   156 | D:1      | Reached XP level 2. HP: 24/24 MP: 2/2
   508 | D:1      | Gained mutation: You regenerate a little health from kills.
                  | [demonic ancestry]
   508 | D:1      | Reached XP level 3. HP: 29/29 MP: 3/3
  1037 | D:2      | Noticed Robin
  1068 | D:2      | Killed Robin
  1097 | D:2      | Gained mutation: You are partially covered in thin metallic
                  | scales. (AC +2) [demonic ancestry]
  1097 | D:2      | Reached XP level 4. HP: 30/37 MP: 4/4
  1687 | D:2      | Found a sparkling altar of Nemelex Xobeh.
  1888 | D:3      | Gained mutation: You are mostly covered in thin metallic
                  | scales. (AC +3) [demonic ancestry]
  1888 | D:3      | Reached XP level 5. HP: 34/42 MP: 5/5
  2155 | D:3      | Reached skill level 1 in Throwing
  2218 | D:3      | Found a glowing golden altar of the Shining One.
  2707 | D:4      | Noticed a phantom
  2776 | D:4      | Gained mutation: You regenerate health from kills. [demonic
                  | ancestry]
  2776 | D:4      | Reached XP level 6. HP: 48/48 MP: 6/6
  3048 | D:4      | Reached XP level 7. HP: 44/53 MP: 7/7
  3384 | D:5      | Entered Level 5 of the Dungeon
  3477 | D:5      | Found a sand-covered staircase.
  3486 | Ossuary  | Entered an ossuary
  3922 | Ossuary  | Reached skill level 5 in Axes
  3922 | Ossuary  | Reached skill level 5 in Unarmed Combat
  3922 | Ossuary  | Reached XP level 8. HP: 67/67 MP: 8/8
  4236 | D:5      | Found a basalt altar of Yredelemnul.
  4448 | D:5      | Found a basalt altar of Yredelemnul.
  4454 | D:5      | Gained mutation: When hurt, damage is shared between your
                  | health and your magic reserves. [demonic ancestry]
  4454 | D:5      | Reached XP level 9. HP: 72/72 MP: 9/9
  5531 | D:5      | Reached skill level 6 in Axes
  6304 | D:6      | Found a staircase to the Ecumenical Temple.
  6322 | Temple   | Entered the Ecumenical Temple
  6605 | D:5      | Became a worshipper of Yredelemnul the Dark
  6771 | D:6      | Got a distressingly furry ring mail
  6783 | D:6      | Identified the +5 ring mail of Tenacity {rN+} (You found it
                  | on level 6 of the Dungeon)
  6855 | D:6      | Reached skill level 5 in Armour
  6963 | D:6      | Found an ornate altar of the Wu Jian Council.
  7297 | D:7      | Found a glowing silver altar of Zin.
  7344 | D:7      | Found a shimmering altar of Xom.
  7361 | D:7      | Reached skill level 5 in Shields
  7495 | D:7      | Reached * piety under Yredelemnul
  7518 | D:7      | Found a sacrificial altar of Ru.
  7521 | D:7      | Found an iron altar of Okawaru.
  7523 | D:7      | Found a bloodstained altar of Trog.
  7600 | D:7      | Reached skill level 7 in Axes
  7600 | D:7      | Reached skill level 1 in Invocations
  7730 | D:7      | Found an ancient bone altar of Kikubaaqudgha.
  8031 | D:8      | Noticed a green ugly thing
  8054 | D:8      | Killed a green ugly thing
  8055 | D:8      | Reached skill level 1 in Evocations
  8055 | D:8      | Reached XP level 10. HP: 74/79 MP: 9/11
  8439 | D:8      | Reached ** piety under Yredelemnul
  8615 | D:8      | Noticed Maurice
  8731 | D:8      | Noticed a centaur warrior
  8732 | D:8      | Noticed a cyclops
  8733 | D:8      | Found the +7 sceptre of Torment {pain, torment}
  8733 | D:8      | Noticed a cyclops
  8743 | D:8      | Killed a centaur warrior
  8764 | D:8      | Killed a cyclops
  8769 | D:8      | Reached skill level 8 in Axes
  8776 | D:8      | Killed a cyclops
  8790 | D:8      | Got a faintly glowing lapis lazuli ring
  8794 | D:8      | Identified the ring "Tammoc" {rF+ SInv} (You found it on
                  | level 8 of the Dungeon)
  8880 | D:8      | Killed Maurice
  8904 | D:8      | Noticed Joseph
  8929 | D:8      | Killed Joseph
  8930 | D:8      | Reached skill level 1 in Maces & Flails
  9156 | D:9      | Found a staircase to the Orcish Mines.
  9188 | D:9      | Gained mutation: You have razor-sharp toenails. [demonic
                  | ancestry]
  9188 | D:9      | Reached XP level 11. HP: 84/84 MP: 14/14
  9207 | D:9      | Found a broken altar of Ashenzari.
  9208 | D:9      | Found a glowing silver altar of Zin.
  9210 | D:9      | Found a stormy altar of Qazlal.
  9353 | D:9      | Noticed Harold
  9395 | D:9      | Killed Harold
  9573 | D:9      | Found a hazy altar of Hepliaklqana.
  9825 | D:10     | Entered Level 10 of the Dungeon
 10042 | D:10     | Reached *** piety under Yredelemnul
 10047 | D:10     | Found Ecko's Gadget Shoppe.
 10050 | D:10     | Found a roughly hewn altar of Beogh.
 10077 | D:10     | Bought a condenser vane for 520 gold pieces
 10266 | D:10     | Noticed Sonja
 10305 | D:10     | Cast into level 2 of the Abyss (Sonja)
 10318 | Abyss:2  | Noticed a thrashing horror
 10321 | Abyss:2  | Killed a thrashing horror
 10322 | Abyss:2  | Reached skill level 5 in Invocations
 10332 | Abyss:2  | Noticed a sixfirhy
 10333 | Abyss:2  | Noticed a large abomination
 10340 | Abyss:2  | Killed a sixfirhy
 10349 | Abyss:2  | Killed a large abomination
 10350 | Abyss:2  | Reached skill level 5 in Maces & Flails
 10604 | Abyss:2  | Noticed a wretched star
 10615 | Abyss:2  | Killed from afar by a wretched star

Illustrated notes

Levels and vault maps discovered:
D:1:      dpeg_arrival_yet_another_circle, layout_basic,
          minmay_misc_feat_more_columns
D:2:      layout_loops_cross, lemuel_coloured_pillars_altar, minmay_circle_x,
          uniq_robin
D:3:      layout_basic, nicolae_tso_carved_into_rock
D:4:      layout_loops_ring
D:5:      layout_cave_pools, overflow_temple_1_default,
          nicolae_ossuary_entry_giza, serial_gnoll_camp,
          gnoll_camp_mini_loothouse, gnoll_camp_mini_doghouse,
          gnoll_camp_mini_hut, gnoll_camp_huts_basic, gnoll_camp_mini_hut,
          gnoll_camp_mini_house, minmay_ruined_shrine
D:6:      minmay_flawed_box, layout_loops_ring, nzn_wu_jian_council_hall,
          kennysheep_crisscross
D:7:      layout_rooms, minitemple, xom_teletrap_fun, kennysheep_mini_moat,
          basic_altar
D:8:      minmay_the_grid_triangle_9x9_rhombus_thin
          [minmay_the_grid_triangle_9x9_stretched_checkered,
          minmay_the_grid_triangle_9x9_prize_insulated,
          minmay_the_grid_triangle_9x9_warning,
          minmay_the_grid_triangle_9x9_steps], layout_loops_ring, uniq_joseph,
          uniq_maurice
D:9:      layout_loops_ring, nzn_hepliaklqana_mist_gate,
          grunt_temple_overflow_open, orc_0_dummy, nicolae_underground_beach,
          uniq_harold
D:10:     layout_long_grid, serial_shops, nicolae_shop_crystal, special_room
          [special_room_orc], nemelex_xobeh_ov_fountains_minmay, uniq_sonja
Temple:   compressed_dpeg_triangle_lava_temple
Abyss:2:  base: D:8, serial_sigils_hangedman_gut, hangedman_cross_veins

Skill      XL: |  1  2  3  4  5  6  7  8  9 10 11 |
---------------+----------------------------------+-----
Short Blades   | 2 3 4 |  4.9
Armour         | 3 4 5 |  5.3
Shields        | 3 4 5 6 |  6.5
Throwing       | 1 2 |  2.6
Fighting       | 7 |  7.3
Axes           | 5 7 8 |  8.1
Stealth        | 6 |  6.6
Unarmed Combat | 5 |  5.4
Invocations    | 1 4 5 |  5.3
Evocations     | 1 3 |  3.9
Maces & Flails | 1 5 |  5.4
Dodging        | |  0.6

Action                   |  1- 3 |  4- 6 |  7- 9 | 10-12 || total
-------------------------+-------+-------+-------+-------++-------
Melee: Rapier            |   100 |   110 |   138 |       ||   348
       Kick              |    13 |    55 |   102 |       ||   170
       Dagger            |       |    77 |    37 |       ||   114
       Hand axe          |       |       |   509 |   147 ||   656
       Eveningstar       |       |       |       |   163 ||   163
Throw: Javelin           |       |     3 |     6 |       ||     9
       Dart              |       |     1 |     2 |       ||     3
Invok: Recall Undead Sla |       |       |       |     1 ||     1
       Animate Dead      |       |       |       |     1 ||     1
Evoke: Wand              |       |       |     2 |       ||     2
  Use: Scroll            |       |     8 |    14 |       ||    22
       Potion            |       |       |     2 |     4 ||     6
 Stab: Sleeping          |       |       |     5 |     6 ||    11
Armor: Scale mail        |    37 |    94 |   190 |       ||   321
       Ring mail         |       |       |    54 |   106 ||   160
Dodge: Dodged            |    16 |    34 |   173 |   136 ||   359
Block: Kite shield       |    48 |    80 |   303 |   152 ||   583

Table legend: (Time is in decaauts)
 A = Elapsed time spent in this place.
 B = Non-inter-level travel time spent in this place.
 C = Inter-level travel time spent in this place.
 D = Time resting spent in this place.
 E = Time spent auto-exploring this place.
 F = Levels seen in this place.
 G = Mean time per level.
                   A        B        C        D        E       F      G
               +--------+--------+--------+--------+--------+-----+--------+
         Total |  10748 |  10333 |    415 |   1415 |   6108 |  13 |  826.8 |
       Dungeon |   9683 |   9278 |    405 |   1199 |   5628 |  10 |  968.3 |
        Temple |    263 |    253 |     10 |      0 |    241 |   1 |  263.0 |
         Abyss |    319 |    319 |      0 |    216 |      0 |   1 |  319.0 |
       Ossuary |    482 |    482 |      0 |      0 |    239 |   1 |  482.0 |
               +--------+--------+--------+--------+--------+-----+--------+

Top non-repeatable levels by time:
     D:5: 1858 daAuts
     D:4: 1109 daAuts
     D:8: 1083 daAuts
     D:3: 935 daAuts
     D:1: 917 daAuts
     D:2: 916 daAuts
     D:6: 831 daAuts
     D:9: 804 daAuts
     D:7: 729 daAuts
    D:10: 498 daAuts
 Ossuary: 482 daAuts
 Abyss:2: 319 daAuts
  Temple: 263 daAuts
